 Dungeon Crawl Stone Soup version 0.26-a0-784-g51bffae0b1 (webtiles) character file.

Game seed: 11680452346146197127

77 Morbidden the Stinger (level 4, -3/38 HPs)
             Began as a Naga Venom Mage on Nov 10, 2020.
             Slain by a worker ant (7 damage)
             ... on level 3 of the Dungeon.
             The game lasted 00:05:20 (2737 turns).

Morbidden the Stinger (Naga Venom Mage)             Turns: 2737, Time: 00:05:21

Health: -3/38      AC:  2    Str: 11    XL:     4   Next: 34%
Magic:  6/8        EV: 10    Int: 16    God:
Gold:   77         SH:  0    Dex: 11    Spells: 5/8 levels left

rFire    . . .     SeeInvis +   (no weapon)
rCold    . . .     Faith    .   (no shield)
rNeg     . . .     Spirit   .   a - +0 robe
rPois    +         Reflect  .   (no helmet)
rElec    .         Harm     .   (no cloak)
rCorr    +         Rampage  .   (no gloves)
MR       .....                  (no barding)
Stlth    ++........             (no amulet)
HPRegen  0.12/turn              d - ring of resist corrosion
MPRegen  0.11/turn              (no ring)

@: lethally poisoned (-3 -> -6), short of breath, very slightly contaminated,
very slow
A: large, see invisible, deformed body, poison resistance, slowness 2, spit
poison 1, AC +1
a: Spit Poison


You were on level 3 of the Dungeon.
You visited 1 branch of the dungeon, and saw 3 of its levels.

You collected 77 gold pieces.

Inventory:

Missiles
 h - 2 javelins (quivered)
Armour
 a - a +0 robe (worn)
Jewellery
 d - a ring of resist corrosion (left hand)
Scrolls
 b - 2 scrolls of identify
 i - a scroll of blinking
 j - a scroll of teleportation {unknown}
 l - 3 scrolls of enchant weapon
 n - 2 scrolls of amnesia {unknown}
Potions
 c - a potion of ambrosia
 e - a potion of cancellation {unknown}
 f - a potion of lignification {unknown}
 g - a potion of degeneration {unknown}
 k - a potion of invisibility {unknown}
 m - a potion of haste {unknown}


   Skills:
 * Level 1.5 Fighting
 + Level 1.7 Dodging
 + Level 3.0 Stealth
 * Level 2.7 Spellcasting
 + Level 1.6 Transmutations
 + Level 0.1 Air Magic
 + Level 4.9 Poison Magic


You had 5 spell levels left.
You knew the following spells:

 Your Spells              Type           Power        Failure   Level
a - Sting                 Tmut/Pois      ##..         4%          1
b - Poisonous Vapours     Pois/Air       ##....       11%         2

Your spell library contained the following spells:

 Spells                   Type           Power        Failure   Level
 Corona                   Hex            #......      19%         1
 Ignite Poison            Fire/Tmut/Pois #.......     24%         3
 Olgreb's Toxic Radiance  Pois           ###.....     26%         4
 Ensorcelled Hibernation  Hex/Ice        #.....       28%         2
 Mephitic Cloud           Conj/Pois/Air  #.......     28%         3
 Confusing Touch          Hex            #.......     50%         3
 Dazzling Flash           Conj/Hex       #.....       50%         3
 Tukima's Dance           Hex            #.......     50%         3


Dungeon Overview and Level Annotations

Branches:
Dungeon (3/15)

Altars:
Fedhas


Innate Abilities, Weirdness & Mutations

You cannot wear boots.
Your serpentine skin is tough. (AC +1)
You have supernaturally acute eyesight. (SInv)
Armour fits poorly on your strangely shaped body.
Your system is resistant to poisons. (rPois)
You cover ground very slowly.
You can spit poison.


Message History

* * * LOW HITPOINT WARNING * * *
The worker ant bites you.
* * * LOW HITPOINT WARNING * * *
Unknown command.
Unknown command.
Unknown command.
Press: ? - help, Shift-Dir - straight line, f/p - worker ant
Aim: a worker ant (severely wounded)
The splash of poison misses the worker ant.
You feel sick. The worker ant bites you.
* * * LOW HITPOINT WARNING * * *
Unknown command.
Casting: Sting (safe; 4% risk of failure)
Confirm with . or Enter, or press ? or * to list all spells.
Aiming: Poisonous Vapours (safe; 11% risk of failure)
Press: ? - help, Dir - move target cursor, f/p - worker ant
Aim: a worker ant (severely wounded)
You miscast Poisonous Vapours.
Nothing appears to happen.
The worker ant bites you!
You die...

#.###........
#............
####.################
.....................
####..#####.#.######
#..# #.#.# #..#####.#.##
#..##.......######...
....##........@...†...
..###[##........B.....##
. ......#...........#
......#.............
#.### #...........## ...
...............
###...........##
............#


You could see a worker ant.

Vanquished Creatures
  2 adders (D:2)
  2 oozes (D:1)
  3 worms
  2 dart slugs
  A leopard gecko (D:1)
  5 bats
  2 giant cockroaches (D:1)
  4 hobgoblins
  2 kobolds
  A quokka (D:2)
  5 frilled lizards
  7 goblins
  7 rats
43 creatures vanquished.

Notes
Turn   | Place    | Note
-------+----------+-------------------------------------------
     0 | D:1      | Morbidden the Naga Venom Mage began the quest for the Orb.
     0 | D:1      | Reached XP level 1. HP: 15/15 MP: 3/3
   229 | D:1      | Reached XP level 2. HP: 20/24 MP: 0/5
   392 | D:1      | Learned a level 2 spell: Poisonous Vapours
   522 | D:1      | Reached skill level 1 in Fighting
   632 | D:1      | Reached XP level 3. HP: 31/31 MP: 1/6
  1668 | D:2      | Reached XP level 4. HP: 38/38 MP: 2/7
  2364 | D:2      | Found a blossoming altar of Fedhas.
  2732 | D:3      | HP: 1/38 [worker ant (5)]
  2737 | D:3      | Slain by a worker ant

Illustrated notes

Levels and vault maps discovered:
D:1:      minmay_arrival_hallway, layout_loops_ring, minmay_misc_feat_columns
D:2:      layout_loops_corners, fedhas_altar_4
D:3:      layout_basic, gammafunk_temple_overflow_forgotten, lemuel_round_altar,
          chequers_ecumenical_altar_island, uniq_grinder

Skill      XL: |  1  2 |
---------------+-------+-----
Fighting       | 1 |  1.5
Dodging        | |  1.7
Stealth        | |  3.0
Spellcasting   | |  2.7
Transmutations | |  1.6
Air Magic      | |  0.1
Poison Magic   | |  4.9

Action                   |  1- 3 |  4- 6 || total
-------------------------+-------+-------++-------
Melee: Unarmed           |    16 |    13 ||    29
Throw: Javelin           |     2 |       ||     2
 Cast: Sting             |    35 |     9 ||    44
       Poisonous Vapours |    15 |    16 ||    31
 Abil: Spit Poison       |    11 |     6 ||    17
  Use: Scroll            |     4 |       ||     4
       Potion            |       |     1 ||     1
Armor: Robe              |     3 |     5 ||     8
Dodge: Dodged            |    14 |    13 ||    27

Table legend: (Time is in decaauts)
 A = Elapsed time spent in this place.
 B = Non-inter-level travel time spent in this place.
 C = Inter-level travel time spent in this place.
 D = Time resting spent in this place.
 E = Time spent auto-exploring this place.
 F = Levels seen in this place.
 G = Mean time per level.
                   A        B        C        D        E       F      G
               +--------+--------+--------+--------+--------+-----+--------+
         Total |   3297 |   3177 |    120 |      0 |   2899 |   3 | 1099.0 |
       Dungeon |   3297 |   3177 |    120 |      0 |   2899 |   3 | 1099.0 |
               +--------+--------+--------+--------+--------+-----+--------+

Top non-repeatable levels by time:
     D:2: 1582 daAuts
     D:1: 1424 daAuts
     D:3: 290 daAuts
